 Dungeon Crawl Stone Soup version 0.29-a0-341-g24ffce5b50 (webtiles) character file.

Game seed: 14242753441806450033

8255 Dauddaud the Severer (level 11, 0/123 HPs)
             Began as a Minotaur Berserker on Apr 20, 2022.
             Was an Elder of Trog.
             Slain by Snorg (10 damage)
             ... on level 10 of the Dungeon.
             The game lasted 00:27:58 (15650 turns).

Dauddaud the Severer (Minotaur Berserker)          Turns: 15650, Time: 00:28:00

Health: 0/123      AC:  3    Str: 25    XL:     11   Next: 7%
Magic:  0/10       EV:  7    Int:  4    God:    Trog [****..]
Gold:   638        SH:  0    Dex: 17    Spells: 10/10 levels left

rFire   . . .      SeeInvis .   O - +1 battleaxe
rCold   + . .      Faith    .   (shield currently unavailable)
rNeg    . . .      Spirit   +   h - +0 plate armour
rPois   .          Reflect  .   (helmet restricted)
rElec   .          Harm     .   K - scarf {+Inv}
rCorr   .          Rampage  .   (no gloves)
Will    ++...                   (no boots)
Stlth   ..........              v - amulet of guardian spirit
HPRegen 1.30/turn               m - ring of protection from cold
MPRegen 0.12/turn               I - +6 ring of dexterity

@: berserking, strong-willed, corroded, regenerating, very quick
A: horns 2, retaliatory headbutt
a: Renounce Religion, Evoke Invisibility, Berserk, Trog's Hand, Brothers in Arms


You were on level 10 of the Dungeon.
You worshipped Trog.
Trog was greatly pleased with you.
You visited 1 branch of the dungeon, and saw 10 of its levels.
You also visited: Ossuary.

You collected 638 gold pieces.

Inventory:

Hand Weapons
 a - a +0 hand axe
 F - a +0 war axe
 O - a +1 battleaxe (weapon)
Missiles
 u - 4 throwing nets (quivered)
Armour
 b - a +0 animal skin
 g - a +0 scale mail
 h - a +0 plate armour (worn)
 w - a +0 cloak
 K - a scarf of invisibility (worn)
Jewellery
 m - a ring of protection from cold (left hand)
 v - an amulet of guardian spirit (around neck)
 I - a +6 ring of dexterity (right hand)
 N - a ring of positive energy
Wands
 s - a wand of acid (8)
Scrolls
 c - 3 scrolls of magic mapping
 d - 5 scrolls of blinking {unknown}
 f - a scroll of immolation {unknown}
 i - a scroll of fear {unknown}
 k - 3 scrolls of enchant weapon {unknown}
 l - 4 scrolls of noise
 o - a scroll of fog {unknown}
 p - 4 scrolls of teleportation
 r - 3 scrolls of enchant armour {unknown}
 t - 2 scrolls of torment
 x - a scroll of summoning {unknown}
 y - a scroll of amnesia {unknown}
 D - 2 scrolls of vulnerability
 L - a scroll of acquirement
Potions
 e - a potion of invisibility {unknown}
 j - 5 potions of mutation {unknown}
 n - 5 potions of curing {unknown}
 q - 3 potions of might {unknown}
 z - 7 potions of haste {unknown}
 A - 2 potions of cancellation {unknown}
 B - a potion of degeneration {unknown}
 C - 4 potions of heal wounds
 E - 2 potions of lignification {unknown}
 G - 2 potions of brilliance
 H - a potion of attraction {unknown}
 J - 2 potions of flight {unknown}
 M - a potion of experience {unknown}


   Skills:
 - Level 3.6 Fighting
 + Level 19.9 Axes
 - Level 2.4 Armour
 - Level 2.1 Dodging


You had 10 spell levels left.
You didn't know any spells.
Your spell library was empty.

Dungeon Overview and Level Annotations

Branches:
Dungeon (10/15)            Temple (0/1) D:5            Lair (0/6) D:8
    Orc (0/2) D:10        Ossuary (visited)

Altars:
Gozag
Ru
Xom
The Shining One

Shops:
D:2 [   D:4 =   D:8 (   D:10 *

Annotations:
D:10 Maurice, Nergalle, Snorg


Innate Abilities, Weirdness & Mutations

You have a pair of horns on your head.
You reflexively headbutt those who attack you in melee.


Message History

You headbutt Snorg. Snorg barely misses you. x2
A yak comes into view.
Okay, then.
You feel much better. Snorg bites you. Snorg completely misses you.
Snorg claws you!
Your two-headed ogre goes berserk!
Maurice barely misses you. Snorg bites you but does no damage.
Snorg barely misses you. Snorg claws you. Maurice attacks as you move away!
Maurice hits you with a +0 dagger.
Maurice steals 1 of your 5 scrolls of teleportation!
Your two-headed ogre closely misses Maurice. x2
Maurice mumbles some strange words.
Maurice blinks!
Maurice casts a spell.
Maurice flickers and vanishes!
Deactivating autopickup; reactivate with Ctrl-A.
You hear a shout!
Your skin crawls.
You feel strong-willed. Trog will no longer gift you weapons. Snorg bites you.
Snorg claws you. Snorg claws you!
* * * LOW HITPOINT WARNING * * *
Your two-headed ogre hits Snorg with a +0 dire flail!
Your two-headed ogre hits Snorg with a +0 giant club!!!
You hit Snorg but do no damage. You headbutt Snorg!
Snorg is severely wounded.
Nergalle the Soulbinder comes into view.
She is wielding a +0 dagger and carrying a wand of digging (9).
Snorg completely misses you. You furiously retaliate!
You headbutt Snorg. Snorg claws you.
* * * LOW HITPOINT WARNING * * *
Snorg claws you!
* * * LOW HITPOINT WARNING * * *
A red film seems to cover your vision as you go berserk!
You feel yourself moving faster!
You feel mighty!
Your two-headed ogre hits Snorg with a +0 dire flail!!
Your two-headed ogre barely misses Snorg.
Nergalle drinks a potion.
Nergalle's spells are empowered!
Snorg bites you.
* * * LOW HITPOINT WARNING * * *
Snorg claws you!
You die...

#.#..##.###.##.#........
###..)###...#.####........
#........##..#####.>...o..
....#..#....#.#.##........
..)..##.#..#..#..#........
#.###...####.#.###..Y.....
#. ###........##........ .
##..##.#..#Y......# # ...#
#.##@TO......# ###. ##
###........ ####
########........ ..# #...
#.......##...#.. .... #...
#....<..###..... #.. #..#
#..g.....###....
##.##..###...............
#...#..##..l............
#......##o.......##..#


You could see Snorg (ally target), Nergalle (empowered), 2 yaks and a friendly
two-headed ogre (summoned, berserk).

Vanquished Creatures
  A deep elf pyromancer (D:8)
  Pikel (D:6)
  Psyche (D:9)
  A kobold demonologist (D:7)
  Grinder (D:3)
  2 trolls (D:9)
  Sigmund (D:5)
  2 wyverns
  5 yaks
  A shadow (D:9)
  2 steam dragons
  2 wargs (D:10)
  An acid dragon (D:8)
  Edmund (D:5)
  Duvessa (D:6)
  5 water moccasins
  An orc warrior (D:10)
  Pargi (D:3)
  3 sky beasts
  3 black bears (D:8)
  2 ogres
  2 centaurs
  A phantom (D:6)
  3 lemures (D:6)
  A kobold brigand (D:9)
  5 bullfrogs
  A necrophage (D:6)
  A gnoll sergeant (D:8)
  2 scorpions
  8 wights
  Dowan (D:6)
  3 howler monkeys (D:9)
  A lava snake (D:8)
  2 hounds
  A jelly (D:8)
  Crazy Yiuf (D:3)
  A human zombie (Ossuary)
  5 orc priests
  2 gnoll shamans
  4 iguanas
  Natasha (twice) (D:2)
  6 orc wizards
  3 mummies (Ossuary)
  13 gnolls
  13 adders
  A shadow imp (D:5)
  A white imp (D:7)
  4 ufetubi (D:5)
  2 adder zombies (Ossuary)
  A worm zombie (D:5)
  2 worms
  11 dart slugs
  37 orcs
  7 endoplasms
  8 giant cockroaches
  6 hobgoblins
  7 jackals
  5 quokkas
  8 ball pythons
  6 bats
  A frilled lizard (D:1)
  7 goblins
  5 goblin zombies (Ossuary)
  4 hobgoblin zombies (Ossuary)
  17 kobolds
  3 kobold zombies (Ossuary)
  2 quokka zombies (Ossuary)
  5 rats
  A rat zombie (Ossuary)
271 creatures vanquished.

Vanquished Creatures (others)
  An orc (D:7)
  44 fungi (D:8)
  42 plants
87 creatures vanquished.

Grand Total: 358 creatures vanquished

Notes
Turn   | Place    | Note
-------+----------+-------------------------------------------
     0 | D:1      | Dauddaud the Minotaur Berserker began the quest for the
                  | Orb.
     0 | D:1      | Reached XP level 1. HP: 19/19 MP: 0/0
   138 | D:1      | Reached skill level 4 in Axes
   180 | D:1      | Reached XP level 2. HP: 25/26 MP: 1/1
   331 | D:1      | HP: 1/26 [hobgoblin (1)]
   338 | D:1      | Reached skill level 5 in Axes
   338 | D:1      | Reached XP level 3. HP: 2/31 MP: 2/2
   922 | D:1      | Found a faded altar of an unknown god.
  1344 | D:2      | Reached ** piety under Trog
  1627 | D:2      | Reached skill level 6 in Axes
  1627 | D:2      | Reached XP level 4. HP: 39/39 MP: 3/3
  1954 | D:2      | Found Motysi's Armour Emporium.
  2384 | D:2      | Noticed Natasha
  2389 | D:2      | Killed Natasha
  2390 | D:2      | Reached skill level 7 in Axes
  2390 | D:2      | Reached XP level 5. HP: 33/45 MP: 4/4
  2654 | D:2      | Noticed Natasha
  2663 | D:2      | Killed Natasha
  3155 | D:3      | Noticed Grinder
  3173 | D:3      | Killed Grinder
  3174 | D:3      | Reached skill level 9 in Axes
  3174 | D:3      | Reached XP level 6. HP: 40/51 MP: 5/5
  3278 | D:3      | Noticed Pargi
  3301 | D:3      | Killed Pargi
  3782 | D:3      | Reached XP level 7. HP: 47/57 MP: 6/6
  3782 | D:3      | Reached *** piety under Trog
  3965 | D:3      | Found a runed translucent door.
  3966 | D:3      | Noticed Crazy Yiuf
  4022 | D:3      | Killed Crazy Yiuf
  4438 | D:4      | Reached skill level 10 in Axes
  4858 | D:4      | Found a shimmering altar of Xom.
  5139 | D:4      | Found Sarphegus's Jewellery Emporium.
  5295 | D:5      | Entered Level 5 of the Dungeon
  5302 | D:5      | Reached skill level 11 in Axes
  5378 | D:5      | Found a glowing drain.
  5455 | D:5      | Noticed Edmund
  5475 | D:5      | Killed Edmund
  5585 | D:5      | Reached XP level 8. HP: 56/64 MP: 4/7
  5634 | D:5      | Found a sand-covered staircase.
  5649 | Ossuary  | Entered an ossuary
  5916 | Ossuary  | Reached **** piety under Trog
  5990 | D:5      | Reached skill level 12 in Axes
  6381 | D:5      | Noticed Sigmund
  6391 | D:5      | Killed Sigmund
  6587 | D:5      | Reached skill level 13 in Axes
  8885 | D:5      | Found a staircase to the Ecumenical Temple.
  9276 | D:6      | Found a glowing golden altar of the Shining One.
  9417 | D:6      | Reached skill level 14 in Axes
  9439 | D:6      | Reached XP level 9. HP: 45/70 MP: 5/8
  9605 | D:6      | Noticed Pikel
  9620 | D:6      | Killed Pikel
  9621 | D:6      | Reached skill level 15 in Axes
  9895 | D:6      | Found a sacrificial altar of Ru.
  9976 | D:6      | Noticed Duvessa
  9976 | D:6      | Noticed Dowan
  9988 | D:6      | Killed Duvessa
  9993 | D:6      | Killed Dowan
 10967 | D:7      | Noticed a kobold demonologist
 10976 | D:7      | Killed a kobold demonologist
 10977 | D:7      | Reached skill level 16 in Axes
 11519 | D:8      | Reached ***** piety under Trog
 11528 | D:8      | Reached skill level 17 in Axes
 11528 | D:8      | Reached XP level 10. HP: 70/77 MP: 5/9
 11532 | D:8      | Found a staircase to the Lair.
 12009 | D:8      | Reached skill level 18 in Axes
 12010 | D:8      | Identified a scroll of acquirement
 12142 | D:8      | Noticed a deep elf pyromancer
 12462 | D:8      | Found an opulent altar of Gozag.
 12637 | D:8      | Found Zarowk's Weapon Shop.
 13248 | D:8      | Killed a deep elf pyromancer
 13725 | D:9      | Noticed Psyche
 13861 | D:9      | Killed Psyche
 13862 | D:9      | Reached skill level 19 in Axes
 15007 | D:10     | Entered Level 10 of the Dungeon
 15007 | D:10     | Found Riap's Demolitions Depot.
 15097 | D:9      | Reached XP level 11. HP: 36/82 MP: 4/10
 15528 | D:10     | Found a staircase to the Orcish Mines.
 15640 | D:10     | Noticed Snorg
 15640 | D:10     | Noticed Maurice
 15649 | D:10     | Noticed Nergalle
 15650 | D:10     | Slain by Snorg

Illustrated notes

Levels and vault maps discovered:
D:1:      grunt_arrival_lava_bath, layout_basic,
          hellmonk_ecumenical_altar_pennies_from_heaven,
          hangedman_abyss_or_decor_lesser_grid
D:2:      layout_basic, serial_shops, nicolae_shop_behind_doors, uniq_natasha
D:3:      layout_basic, minmay_misc_feat_roman, uniq_pargi,
          uniq_crazy_yiuf_cottage, uniq_grinder
D:4:      layout_loops_ring, amcnicky_altar_gilded, nicolae_wooded_promenade
D:5:      cheibrodos_two_vegetables, layout_basic,
          minmay_temple_entry_from_below_a, gup_sewer_entry_glass,
          enter_ossuary_3, sigmund_edmund_badplayer
D:6:      kennysheep_slugbush, layout_cave_pods, kennysheep_little_box,
          mainiacjoe_overflow_paths, serial_glass, glass_columns_b,
          glass_columns_b, hangedman_decor_peaks_small, uniq_pikel, uniq_duvessa
D:7:      layout_rooms, chequers_mini_garden
D:8:      layout_basic, mainiacjoe_overflow_surrounded_room,
          due_lair_maze_entry_diamond, serial_shops, nicolae_shop_crystal,
          minmay_misc_feat_encased, grunt_ogre_cave, kennysheep_island_fort
D:9:      layout_small_grid, uniq_psyche
D:10:     layout_cave_pools, jmf_multi_god_temple, erik_orc_3,
          nicolae_blasting_shop, hellmonk_bongcloud_opening, uniq_snorg,
          uniq_nergalle, uniq_maurice

Skill      XL: |  1  2  3  4  5  6  7  8  9 10 |
---------------+-------------------------------+-----
Axes           | 4 5 6 7 9 11 14 17 19 | 19.9
Fighting       | |  3.6
Armour         | |  2.4
Dodging        | |  2.1

Action                   |  1- 3 |  4- 6 |  7- 9 | 10-12 || total
-------------------------+-------+-------+-------+-------++-------
Melee: Hand axe          |   101 |   133 |   376 |       ||   610
       Headbutt          |    12 |    23 |    82 |    39 ||   156
       Punch             |     1 |     1 |     4 |     4 ||    10
       War axe           |       |       |    56 |   122 ||   178
       Battleaxe         |       |       |       |    75 ||    75
Throw: Throwing net      |       |       |     1 |       ||     1
Invok: Berserk           |     1 |       |     5 |     4 ||    10
       Trog's Hand       |       |       |     1 |     2 ||     3
       Brothers in Arms  |       |       |       |     1 ||     1
  Use: Scroll            |       |       |     6 |     1 ||     7
       Potion            |       |       |       |     1 ||     1
Armor: Scale mail        |     7 |       |       |       ||     7
       Animal skin       |     1 |       |       |       ||     1
       Plate armour      |    65 |    93 |   203 |    85 ||   446
Dodge: Dodged            |    53 |    52 |   118 |    49 ||   272

Table legend: (Time is in decaauts)
 A = Elapsed time spent in this place.
 B = Non-inter-level travel time spent in this place.
 C = Inter-level travel time spent in this place.
 D = Time resting spent in this place.
 E = Time spent auto-exploring this place.
 F = Levels seen in this place.
 G = Mean time per level.
                   A        B        C        D        E       F      G
               +--------+--------+--------+--------+--------+-----+--------+
         Total |  15632 |  14644 |    988 |   5460 |   7184 |  11 | 1421.1 |
       Dungeon |  15323 |  14335 |    988 |   5334 |   7111 |  10 | 1532.3 |
       Ossuary |    308 |    308 |      0 |    126 |     73 |   1 |  308.0 |
               +--------+--------+--------+--------+--------+-----+--------+

Top non-repeatable levels by time:
     D:5: 3336 daAuts
     D:8: 2222 daAuts
     D:2: 1753 daAuts
     D:9: 1548 daAuts
     D:6: 1434 daAuts
     D:3: 1401 daAuts
     D:1: 1344 daAuts
     D:7: 995 daAuts
     D:4: 935 daAuts
    D:10: 352 daAuts
 Ossuary: 308 daAuts
